 Dungeon Crawl Stone Soup version 0.29.0-15-g675c0067aa (webtiles) character file.

Game seed: 10364851297875235501

5 qw the Sneak (level 1, -1/14 HPs)
             Began as a Gargoyle Delver on Sept 11, 2022.
             Killed from afar by an orc wizard (7 damage)
             ... with a puff of flame
             ... on level 4 of the Dungeon.
             The game lasted 00:00:12 (438 turns).

qw the Sneak (Gargoyle Delver)                       Turns: 438, Time: 00:00:13

Health: -1/14      AC:  5    Str: 15    XL:     1   Next: 80%
Magic:  1/1        EV: 11    Int: 10    God:
Gold:   16         SH:  0    Dex: 11    Spells: 0/0 levels left

rFire   . . .      SeeInvis .   Y - +0 hand axe (flame)
rCold   . . .      Faith    .   (no shield)
rNeg    + . .      Spirit   .   b - +0 leather armour
rPois   inf        Reflect  .   (no helmet)
rElec   +          Harm     .   (no cloak)
rCorr   .          Rampage  .   (no gloves)
Will    .....                   (no boots)
Stlth   +++.......              (no amulet)
HPRegen 0.04/turn               (no ring)
MPRegen 0.07/turn               (no ring)

@: no status effects
A: sickness immunity, AC +2, negative energy resistance 1, electricity
resistance, torment resistance 1, petrification resistance
a: no special abilities


You were on level 4 of the Dungeon.
You visited 1 branch of the dungeon, and saw 3 of its levels.

You collected 16 gold pieces.


Innate Abilities, Weirdness & Mutations

You are immune to sickness and miasma.
Your stone body is resilient. (AC +2)
You are immune to poison.
You resist negative energy. (rN+)
You are resistant to electric shocks. (rElec)
You are resistant to unholy torment.
You are immune to petrification.


   Skills:
 - Level 3.2 Fighting
 + Level 2.2 Axes
 - Level 1.5 Dodging
 - Level 5.4 Stealth


You couldn't memorise any spells.
You didn't know any spells.
Your spell library was empty.

Inventory:

Hand Weapons
 Y - a +0 hand axe of flaming (weapon)
Armour
 b - a +0 leather armour (worn)
Jewellery
 a - an amulet of guardian spirit
Wands
 g - a wand of digging (3)
Potions
 f - 2 potions of haste

Dungeon Overview and Level Annotations

Branches:
Dungeon (5/15)
 Temple: D:4-7

Altars:
Ru
Wu Jian


Message History

Found a stone staircase leading down.
You hit the endoplasm. You burn the endoplasm.
The endoplasm is moderately wounded.
The endoplasm closely misses you.
You hit the endoplasm. You burn the endoplasm.
The endoplasm is severely wounded.
The endoplasm barely misses you.
You hit the endoplasm but do no damage.
The endoplasm is severely wounded.
The endoplasm hits you but does no damage.
The endoplasm barely misses you.
You hit the endoplasm. You burn the endoplasm.
You kill the endoplasm!
An orc comes into view. It is wielding a +0 whip.
The orc shouts!
You hear a shout!
An orc wizard comes into view. It is wielding a +0 dagger.
The orc hits you with a +0 whip.
You see here 6 gold pieces.
You completely miss the orc. The orc hits you but does no damage.
The orc wizard gestures wildly while chanting.
The orc wizard flickers and vanishes!
Deactivating autopickup; reactivate with Ctrl-A.
You hit the orc but do no damage. The orc barely misses you.
You closely miss the orc. The orc hits you with a +0 whip.
You hit the orc. You burn the orc.
The orc is severely wounded.
An orc comes into view. It is wielding a +0 club.
The orc hits you with a +0 whip.
The orc shouts!
You hit the orc. You burn the orc.
You kill the orc!
You closely miss something.
You hear some strange, mumbled words.
A puff of flame appears from out of thin air!
The puff of flame hits you!
Ouch! That really hurt!
You die...

##......##
##........##
#..........#
#....>.....#
#..........#
#..........##.
#.....).....o.
#....@{...#
##.........#
#..........#
#..........#
.#####............
................##.
..................
##.
.##...#.........##
.. #.............#


You could see an orc.

Vanquished Creatures
  An orc (D:4)
  An endoplasm (D:4)
  A goblin (D:4)
  2 kobolds (D:4)
  A ball python (D:4)
6 creatures vanquished.

Notes
Turn   | Place    | Note
-------+----------+-------------------------------------------
     0 | D:5      | qw the Gargoyle Delver began the quest for the Orb.
     0 | D:5      | Reached XP level 1. HP: 14/14 MP: 1/1
     0 | D:5      | 0 ||| qw: Version: 0.1-a-117-gfe26ee0
     0 | D:5      | 0 ||| qw: Game counter: 9941
     0 | D:5      | 0 ||| qw: Always use a shield: true
     0 | D:5      | 0 ||| qw: God list: Okawaru
     0 | D:5      | 0 ||| qw: Allow faded altars: false
     0 | D:5      | 0 ||| qw: Do Orc after D:15 true
     0 | D:5      | 0 ||| qw: Do second Lair branch before Depths: true
     0 | D:5      | 0 ||| qw: Lair rune preference: random
     0 | D:5      | 0 ||| qw: Plans: Normal
     0 | D:5      | 0 ||| PLANNING D:1-11
     0 | D:5      | 0 ||| DROPPING scroll of fog.
     1 | D:5      | 1 ||| DROPPING scroll of magic mapping.
     2 | D:5      | 2 ||| DROPPING scroll of fear.
    45 | D:4      | Identified the +3 spear "Amuliux" {flame, rPois rF+ Will-
                  | rCorr}
   138 | D:4      | 138 ||| Stepping ~*~*~tactically~*~*~ (stealth).
   139 | D:4      | 139 ||| Stepping ~*~*~tactically~*~*~ (stealth).
   140 | D:4      | 140 ||| Stepping ~*~*~tactically~*~*~ (stealth).
   194 | D:4      | 194 ||| Stepping ~*~*~tactically~*~*~ (stealth).
   195 | D:4      | 195 ||| Stepping ~*~*~tactically~*~*~ (stealth).
   196 | D:4      | 196 ||| Stepping ~*~*~tactically~*~*~ (stealth).
   197 | D:4      | 197 ||| Stepping ~*~*~tactically~*~*~ (stealth).
   202 | D:4      | 202 ||| Stepping ~*~*~tactically~*~*~ (stealth).
   204 | D:4      | 204 ||| Stepping ~*~*~tactically~*~*~ (stealth).
   349 | D:4      | 349 ||| READING scroll labelled TEOWORRA IPRASCH.
   350 | D:4      | 350 ||| READING scroll labelled SOLICI OTOY.
   351 | D:4      | 351 ||| READING scroll labelled OBREED ZIZADI.
   352 | D:4      | 352 ||| DROPPING +0 club.
   362 | D:3      | Found an ornate altar of the Wu Jian Council.
   362 | D:3      | Found a sacrificial altar of Ru.
   432 | D:4      | Noticed an orc wizard
   438 | D:4      | Killed from afar by an orc wizard

Levels and vault maps discovered:
D:3:      layout_loops_ring, nicolae_overflow_hidden_temple,
          mainiacjoe_overflow_six_doors_small, old_standard_altar,
          ebering_ecumenical_altar_box, nicolae_hexahallways
D:4:      layout_rooms, minmay_temple_entry_crystal_x
D:5:      layout_gridville, uniq_blork_the_orc, uniq_eustachio

Skill      XL: |  1 |
---------------+----+-----
Axes           | 2 |  2.2
Fighting       | |  3.2
Dodging        | |  1.5
Stealth        | |  5.4

Action                   || total
-------------------------++-------
Melee: Hand axe          ||    24
  Use: Scroll            ||     3
Armor: Leather armour    ||     6
Dodge: Dodged            ||    19

Table legend:
 A = Non-vault XP
 B = Vault XP
 C = Vault XP percentage of total XP
 D = Non-vault monster count
 E = Vault monster count
 F = Vault count percentage of total count
                 A         B        C        D         E       F
            +---------+---------+-------+---------+---------+-------
      Total |      11 |       0 |   0.0 |       6 |       0 |   0.0
            +---------+---------+-------+---------+---------+-------
        D:4 |      11 |       0 |   0.0 |       6 |       0 |   0.0
            +---------+---------+-------+---------+---------+-------
